Map: Orbital Shipyard

Players

SuarezBitMe

  • Race: Zerg Zerg

Bop - Winner!

  • Race: Protoss Protoss

VOD

Have the link to the VOD?

Description

Time

  • Played on: May 7, 2015, 4:38 a.m.
  • Length: 13:22
Show
View Real Time Build Order
Export as new Build Order

SuarezBitMe Zerg 

Build Orders: Hatch First 

Get SALT Encoding   

  12  0:01  Drone  
  13  0:10  Drone  
  14  0:17  Overlord  
  14  0:36  Drone x3  
  17  0:54  Hatchery  
  17  0:56  Drone  
  17  1:00  Drone  
  18  1:08  Extractor  
  18  1:09  Drone  
  18  1:20  Spawning Pool  
  18  1:22  Drone  
  18  1:31  Drone  
  19  1:43  Overlord  
  19  1:52  Drone  
  20  2:02  Drone  
  20  2:06  Queen x2  
  26  2:08  Zergling x2  
  26  2:11  Metabolic Boost  
  26  2:14  Drone  
  27  2:17  Drone  
  28  2:28  Drone x2  
  30  2:39  Overlord  
  30  2:40  Drone  
  31  2:52  Hatchery  
  31  2:53  Drone x2  
  31  2:57  Overlord  
  32  3:00  Drone  
  33  3:12  Drone x2  
  35  3:19  Drone  
  36  3:20  Drone x4  
  36  3:26  Extractor  
  38  3:32  Zergling x2  
  38  3:33  Zergling x8  
  43  3:36  Overlord  
  43  3:41  Queen  
  45  3:50  Drone x3  
  45  3:51  Drone  
  45  3:53  Zergling x4  
  51  4:02  Zergling x2  
  51  4:03  Zergling x2  
  51  4:09  Drone  
  52  4:11  Drone  
  52  4:12  Evolution Chamber, Drone  
  52  4:14  Evolution Chamber  
  52  4:17  Drone x2  
  52  4:20  Queen  
  52  4:22  Drone  
  57  4:25  Drone x2  
  57  4:26  Zergling x4  
  57  4:27  Zergling x4  
  57  4:29  Drone x2  
  65  4:35  Drone  
  66  4:39  Zerg Ground Armor Level 1  
  66  4:40  Zerg Melee Weapons Level 1  
  66  4:46  Spore Crawler  
  66  4:47  Drone  
  66  4:48  Spore Crawler  
  66  4:51  Spore Crawler, Drone  
  66  4:52  Drone  
  66  4:56  Lair  
  66  4:58  Baneling Nest  
  65  5:05  Overlord x3  
  65  5:07  Drone  
  65  5:13  Overlord  
  66  5:18  Drone  
  66  5:24  Drone x4  
  66  5:25  Drone  
  66  5:28  Drone x2  
  72  5:31  Drone  
  74  5:36  Extractor  
  74  5:37  Extractor x2  
  74  5:39  Drone x4  
  74  5:42  Extractor  
  74  5:46  Drone x2  
  76  5:51  Drone x4  
  80  6:02  Drone x4, Hydralisk Den  
  80  6:03  Drone  
  84  6:05  Drone  
  76  6:26  Drone x2  
  76  6:27  Zergling x4  
  76  6:28  Zergling x6  
  76  6:31  Hydralisk x8, Muscular Augments  
  98  6:35  Overlord x3  
  98  6:45  Zerg Ground Armor Level 2  
  98  6:47  Zerg Missile Weapons Level 1  
  98  6:54  Overlord  
  98  6:56  Overseer x2  
  98  6:57  Hydralisk  
  98  6:58  Zergling x18  
  98  6:59  Zergling x4  
  111  7:07  Hydralisk  
  113  7:12  Overlord x3  
  113  7:17  Infestation Pit  
  113  7:20  Drone  
  113  7:21  Pneumatized Carapace  
  113  7:23  Drone  
  113  7:26  Drone  
  115  7:31  Hatchery  
  115  7:32  Drone x2  
  116  7:38  Hydralisk x8  
  132  7:47  Overlord  
  132  7:56  Hydralisk  
  132  7:57  Hydralisk x5  
  143  8:05  Drone x3  
  145  8:07  Hive  
  146  8:20  Overlord x2  
  146  8:21  Overlord x4  
  146  8:36  Extractor  
  146  8:38  Extractor  
  146  8:40  Overlord x2  
  146  8:41  Overseer  
  144  8:44  Drone, Hydralisk  
  144  8:45  Drone, Hydralisk x7  
  162  8:54  Zerg Missile Weapons Level 2  
  161  9:00  Drone  
  162  9:04  Overseer  
  163  9:17  Drone x3  
  163  9:21  Viper x3  
  174  9:26  Evolution Chamber  
  174  9:31  Drone x3  
  176  9:37  Evolution Chamber, Viper  
  178  9:38  Evolution Chamber  
  178  9:43  Hydralisk  
  178  9:44  Hydralisk x4  
  187  9:56  Drone  
  188  10:00  Zerg Ground Armor Level 3  
  186  10:12  Hatchery  
  185  10:17  Hydralisk  
  185  10:18  Hydralisk x6  
  198  10:31  Adrenal Glands  
  195  10:35  Spore Crawler  
  194  10:44  Spore Crawler  
  193  11:06  Ultralisk Cavern  
  187  11:31  Hydralisk  
  187  11:32  Hydralisk x14  
  162  11:33  Hydralisk x6  
  162  11:39  Viper  
  183  11:40  Zergling x2  
  183  11:41  Zergling x32  
  200  11:51  Hydralisk x5  
  200  11:53  Zergling x2  
  200  11:54  Zergling x10  
  182  12:04  Hydralisk  
  182  12:05  Hydralisk x3  
  182  12:06  Zergling x2  
  190  12:20  Drone x2  
  190  12:25  Hydralisk x2, Zergling x2  
  195  12:36  Hatchery, Hydralisk x4  
  137  12:46  Hydralisk  
  137  12:47  Hydralisk  
  137  12:48  Hydralisk x2  
  137  12:50  Zergling x6  
Show
View Real Time Build Order
Export as new Build Order

Bop Protoss - Winner!

Build Orders: Nexus First 

Get SALT Encoding   

  12  0:03  Probe  
  13  0:15  Probe  
  14  0:44  Nexus  
  14  0:55  Pylon  
  14  1:13  Probe (Chrono Boost)  
  14  1:18  Gateway  
  15  1:24  Probe (Chrono Boost)  
  16  1:29  Assimilator  
  17  1:33  Probe (Chrono Boost)  
  17  1:39  Probe (Chrono Boost)  
  18  1:49  Probe  
  19  2:00  Probe  
  20  2:02  Probe  
  20  2:05  Cybernetics Core  
  20  2:06  Zealot  
  20  2:07  Gateway  
  23  2:12  Probe (Chrono Boost)  
  23  2:14  Probe (Chrono Boost)  
  26  2:23  Probe (Chrono Boost)  
  26  2:25  Probe (Chrono Boost)  
  26  2:30  Probe (Chrono Boost)  
  26  2:31  Probe (Chrono Boost)  
  26  2:35  Pylon  
  28  2:42  Probe (Chrono Boost)  
  28  2:43  Probe (Chrono Boost)  
  30  2:49  Warp Gate  
  30  2:50  Adept  
  34  2:51  Probe (Chrono Boost)  
  34  2:52  Probe (Chrono Boost)  
  34  2:54  Adept  
  36  3:00  Probe (Chrono Boost)  
  36  3:03  Probe (Chrono Boost)  
  38  3:08  Assimilator x2  
  38  3:11  Probe (Chrono Boost)  
  40  3:15  Probe (Chrono Boost)  
  40  3:17  Probe (Chrono Boost)  
  43  3:27  Probe (Chrono Boost)  
  43  3:28  Probe (Chrono Boost)  
  43  3:34  Probe  
  44  3:41  Pylon  
  44  3:42  Pylon  
  44  3:48  Assimilator  
  44  3:59  Probe x2 (Chrono Boost)  
  46  4:04  Adept x2  
  46  4:11  Stargate  
  46  4:12  Probe x2 (Chrono Boost), Stargate  
  46  4:16  Gateway  
  48  4:18  Gateway  
  48  4:21  Probe x2 (Chrono Boost)  
  50  4:28  Probe, Pylon  
  50  4:29  Probe  
  52  4:31  Pylon  
  52  4:35  Forge  
  52  4:41  Probe x2  
  52  4:43  Pylon  
  54  4:53  Probe  
  54  4:55  Oracle x2 (Chrono Boost)  
  61  5:08  Probe  
  61  5:11  Fleet Beacon  
  62  5:14  Protoss Shields Level 1 (Chrono Boost)  
  62  5:17  Adept x2  
  66  5:25  Gateway  
  66  5:28  Gateway  
  66  5:32  Pylon  
  66  5:35  Pylon  
  66  5:42  Nexus  
  65  5:53  Probe x2  
  67  5:57  Void Ray x2 (Chrono Boost)  
  75  6:05  Probe, Adept x4  
  84  6:18  Twilight Council  
  84  6:26  Graviton Catapult (Chrono Boost)  
  84  6:40  Pylon  
  84  6:42  Pylon  
  84  6:50  Nexus  
  84  6:51  Pylon  
  84  6:53  Pylon  
  84  6:58  Probe x2, Void Ray  
  84  7:00  Void Ray (Chrono Boost)  
  94  7:09  Assimilator  
  94  7:10  Probe x2 (Chrono Boost)  
  94  7:15  Photon Cannon  
  96  7:18  Photon Cannon x2  
  96  7:19  Pylon, Carrier (Chrono Boost)  
  96  7:22  Protoss Shields Level 2 (Chrono Boost), Probe x2 (Chrono Boost)  
  98  7:31  Probe x2 (Chrono Boost)  
  100  7:39  Probe x2  
  100  7:42  Assimilator  
  108  7:49  Pylon  
  108  7:51  Probe (Chrono Boost)  
  108  7:56  Probe (Chrono Boost)  
  110  8:02  Shield Upgrade  
  110  8:03  Probe (Chrono Boost)  
  112  8:06  Probe (Chrono Boost)  
  112  8:13  Carrier (Chrono Boost)  
  118  8:20  Adept x3  
  118  8:21  Adept x3, Carrier (Chrono Boost)  
  136  8:53  Pylon  
  136  8:54  Pylon  
  136  8:56  Pylon  
  136  9:04  Carrier (Chrono Boost)  
  136  9:06  Carrier (Chrono Boost)  
  136  9:07  Probe x3  
  139  9:12  Photon Cannon  
  145  9:19  Probe  
  145  9:21  Photon Cannon x2  
  145  9:23  Photon Cannon  
  152  9:33  Nexus  
  149  9:50  Carrier (Chrono Boost)  
  149  9:53  Carrier (Chrono Boost)  
  149  9:58  Pylon  
  149  9:59  Adept x4  
  157  10:00  Adept x2  
  167  10:07  Protoss Ground Weapons Level 1 (Chrono Boost)  
  167  10:20  Protoss Air Weapons Level 1  
  173  10:36  Assimilator  
  173  10:37  Carrier (Chrono Boost), Assimilator  
  173  10:38  Mothership Core  
  175  10:43  Carrier  
  181  11:05  Pylon  
  181  11:06  Photon Cannon  
  181  11:08  Photon Cannon  
  181  11:09  Photon Cannon  
  181  11:10  Charge (Chrono Boost)  
  187  11:19  Photon Cannon x2  
  187  11:24  Adept  
  187  11:25  Adept x3  
  174  11:37  Templar Archives  
  170  11:50  Carrier (Chrono Boost)  
  180  12:23  High Templar x5  
  180  12:47  Adept  
  180  12:48  Probe x2  
  180  12:49  Probe x2  
  180  12:51  Assimilator  
  180  13:00  Probe  
  179  13:18  Adept x4  
Tags
 
Add a new tag
Caveats
  • Supply blocks, unpowered buildings, or Contaminate may cause inaccurate times.
  • Supply counts are checked every 10 seconds.